 Dungeon Crawl Stone Soup version 0.23.1-37-gaa34b87 (webtiles) character file.

Game seed: 7445632796765886895

522 vishdafish the Chopper (level 7, 56/56 HPs)
             Began as a Demonspawn Fighter on Mar 23, 2019.
             Quit the game on level 5 of the Dungeon.
             The game lasted 00:03:49 (3886 turns).

vishdafish the Chopper (Demonspawn Fighter)         Turns: 3886, Time: 00:03:49

Health: 56/56      AC: 10    Str: 16      XL:     7   Next: 1%
Magic:  7/7        EV:  6    Int: 14      God:
Gold:   343        SH:  8    Dex:  8 (12) Spells: 6/6 levels left

rFire    . . .     SeeInvis .   a - +0 war axe
rCold    . . .     Gourm    .   c - +0 shield
rNeg     . . .     Faith    .   b - +0 scale mail
rPois    +         Spirit   +   (helmet restricted)
rElec    .         Reflect  .   (no cloak)
rCorr    .         Harm     .   t - +1 pair of gloves
MR       .....                  (no boots)
Stlth    ..........             (no amulet)
HPRegen  0.18/turn              n - ring of poison resistance
MPRegen  0.10/turn              (no ring)

@: no status effects
A: antennae 1, thin metallic scales 1, clever 1, poison resistance, magic
shield, rot immunity
a: no special abilities


You were on level 5 of the Dungeon.
You were not hungry.

You visited 1 branch of the dungeon, and saw 5 of its levels.

You collected 343 gold pieces.

Inventory:

Hand Weapons
 a - a +0 war axe (weapon)
Armour
 b - a +0 scale mail (worn)
 c - a +0 shield (worn)
 k - a +0 pair of gloves
 t - a +1 pair of gloves (worn)
Jewellery
 n - a ring of poison resistance (left hand)
Wands
 g - a wand of enslavement (6)
Scrolls
 e - 2 scrolls of fear {unknown}
 h - 7 scrolls of enchant weapon {unknown}
 i - 6 scrolls of identify {unknown}
 l - 3 scrolls of teleportation {unknown}
 m - 4 scrolls of remove curse {unknown}
 p - a scroll of immolation {unknown}
 r - a scroll of noise {unknown}
 s - 2 scrolls of enchant armour {unknown}
Potions
 d - a potion of might
 j - a potion of curing {unknown}
 o - a potion of agility {unknown}
 q - 2 potions of haste {unknown}
 u - a potion of heal wounds
Comestibles
 f - 11 rations


   Skills:
 + Level 5.1 Fighting
 * Level 5.8 Axes
 - Level 2.6 Armour
 - Level 2.6 Shields


You had 6 spell levels left.
You didn't know any spells.
Your spell library was empty.

Dungeon Overview and Level Annotations

Branches:
Dungeon (5/15)
 Temple: D:4-7

Altars:
Dithmenos
Elyvilon
Fedhas
Nemelex Xobeh
Okawaru


Innate Abilities, Weirdness & Mutations

You have a pair of small antennae on your head.
You are partially covered in thin metallic scales. (AC +2)
When hurt, damage is shared between your health and your magic reserves.
You are immune to rotting.
Your mind is acute. (Int +2)
Your system is resistant to poisons. (rPois)


Message History

The bullfrog zombie is almost destroyed.
The bullfrog zombie barely misses you. x2
You slash the bullfrog zombie!
You destroy the bullfrog zombie!
You have reached level 7!
Your demonic ancestry asserts itself...
You feel immune to rotting.
Found a shortbow.
Magic restored.
You now have 335 gold pieces (gained 13).
You now have 343 gold pieces (gained 8).
Found a stone staircase leading up.
There is a stone staircase leading up here.
There is a stone staircase leading up here.
An orc comes into view. It is wielding a +0 short sword.
The orc moves out of view.
No target in view!
Are you sure you want to abandon this character and quit the game? (Confirm with "yes".)
Okay, then.
Are you sure you want to abandon this character and quit the game? (Confirm with "yes".)

##### #..#######
........#####........#
# #####
#........#####.#.##
##############....# #
#.........#.# #
..####.##...# # ##.
#.# #### ##
#....####.####### .#
.......@<........
........
.....####.########
........ ...
#........# .....##. .
########<# .#...# #.#
.##..# #.# .# .## #.#
....# #.# ...# #.##
#.#


There were no monsters in sight!

Vanquished Creatures
  2 scorpions (D:4)
  A quasit (D:5)
  A bullfrog zombie (D:5)
  3 hounds
  An iguana (D:4)
  2 worker ants (D:4)
  A hound skeleton (D:5)
  8 adders
  A shadow imp (D:3)
  An adder skeleton (D:4)
  5 worms
  2 dart slugs
  5 leopard geckos
  3 orcs
  11 bats
  9 giant cockroaches
  7 goblins
  8 hobgoblins
  A jackal (D:2)
  5 quokkas
  A ball python (D:2)
  4 frilled lizards
  8 kobolds
  3 rats
93 creatures vanquished.

Notes
Turn   | Place    | Note
-------+----------+-------------------------------------------
     0 | D:1      | vishdafish the Demonspawn Fighter began the quest for the
                  | Orb.
     0 | D:1      | Reached XP level 1. HP: 18/18 MP: 1/1
   169 | D:1      | Gained mutation: You are partially covered in thin metallic
                  | scales. (AC +2) [demonic ancestry]
   169 | D:1      | Reached XP level 2. HP: 19/24 MP: 2/2
   654 | D:1      | Gained mutation: You have a pair of small horns on your
                  | head. [potion of mutation]
   654 | D:1      | Gained mutation: You are weak. (Str -2) [potion of
                  | mutation]
   654 | D:1      | Gained mutation: You expend magic power (3 MP) to
                  | strengthen your wands. [potion of mutation]
   659 | D:1      | Reached XP level 3. HP: 22/29 MP: 3/3
  1123 | D:2      | Gained mutation: When hurt, damage is shared between your
                  | health and your magic reserves. [demonic ancestry]
  1123 | D:2      | Reached XP level 4. HP: 37/37 MP: 4/4
  1994 | D:3      | Found a blossoming altar of Fedhas.
  2050 | D:3      | Lost mutation: You have a pair of small horns on your head.
                  | [demonic ancestry]
  2050 | D:3      | Gained mutation: You have a pair of small antennae on your
                  | head. [demonic ancestry]
  2050 | D:3      | Reached XP level 5. HP: 42/42 MP: 5/5
  2135 | D:3      | Found a white marble altar of Elyvilon.
  2878 | D:4      | Found a shadowy altar of Dithmenos.
  2947 | D:4      | Reached XP level 6. HP: 43/49 MP: 6/6
  2957 | D:4      | Reached skill level 5 in Axes
  3537 | D:5      | Entered Level 5 of the Dungeon
  3586 | D:5      | Reached skill level 5 in Fighting
  3599 | D:5      | Found a sparkling altar of Nemelex Xobeh.
  3677 | D:5      | Lost mutation: You are weak. (Str -2) [potion of mutation]
  3677 | D:5      | Lost mutation: You expend magic power (3 MP) to strengthen
                  | your wands. [potion of mutation]
  3677 | D:5      | Gained mutation: Your mind is acute. (Int +2) [potion of
                  | mutation]
  3677 | D:5      | Gained mutation: Your system is resistant to poisons.
                  | (rPois) [potion of mutation]
  3678 | D:5      | Found an iron altar of Okawaru.
  3830 | D:5      | Gained mutation: You are immune to rotting. [demonic
                  | ancestry]
  3830 | D:5      | Reached XP level 7. HP: 52/56 MP: 5/7
  3886 | D:5      | Quit the game

Skill      XL: |  1  2  3  4  5  6 |
---------------+-------------------+-----
Axes           | 2 3 4 5 |  5.8
Fighting       | 4 5 |  5.1
Armour         | |  2.6
Shields        | |  2.6

Action                   |  1- 3 |  4- 6 |  7- 9 || total
-------------------------+-------+-------+-------++-------
Melee: War axe           |   111 |   281 |       ||   392
       Headbutt          |     6 |    23 |       ||    29
  Use: Potion            |     4 |     1 |       ||     5
  Eat: Chunk             |       |    10 |       ||    10
Armor: Scale mail        |    82 |   224 |       ||   306
Dodge: Dodged            |    38 |   115 |       ||   153
Block: Shield            |    74 |   162 |       ||   236
